 Dungeon Sprint DCSS version 0.21.1-1-g345015f (webtiles) character file.

612 Gingerlord the Thaumaturge (level 7, -2/43 HPs)
             Began as a Deep Elf Fire Elementalist on July 4, 2018.
             Was a Believer of Vehumet.
             Shot with an arrow by a centaur warrior (11 damage)
             ... in the Dungeon (Sprint IX: "|||||||||||||||||||||||||||||").
             The game lasted 00:02:59 (431 turns).

Gingerlord the Thaumaturge (DEFE)                    Turns: 431, Time: 00:03:00

Health: -2/43      AC:  4    Str:  7    XL:     7   Next: 20%
Magic:  4/22       EV: 19    Int: 23    God:    Vehumet [**....]
Gold:   0          SH:  0    Dex: 18    Spells: 13/26 levels left

rFire    . . .     SeeInvis .   n - staff of energy
rCold    . . .     Gourm    .   (no shield)
rNeg     . . .     Faith    .   a - +0 robe
rPois    .         Spirit   .   (no helmet)
rElec    .         Reflect  .   p - +0 cloak
rCorr    .         Harm     .   (no gloves)
MR       .....     NoTele   +   o - +0 pair of boots
Stlth    ++........             (no amulet)
HPRegen  0.14/turn              q - +3 ring of dexterity
MPRegen  0.18/turn              r - +3 ring of intelligence

@: very slightly contaminated
A: no striking features
a: Renounce Religion


You were in the Dungeon.
You worshipped Vehumet.
Vehumet was pleased with you.
You were not hungry.

You visited 1 branch

Inventory:

Armour
 a - a +0 robe (worn)
 o - a +0 pair of boots (worn)
 p - a +0 cloak (worn)
Magical Staves
 n - an uncursed staff of energy (weapon)
Jewellery
 q - a +3 ring of dexterity (left hand)
 r - a +3 ring of intelligence (right hand)
Wands
 m - a wand of acid (10)
Scrolls
 i - 2 scrolls of blinking
 k - 3 scrolls of remove curse
 l - 2 scrolls of amnesia
Potions
 d - 5 potions of curing
 e - 2 potions of heal wounds
 f - a potion of haste
 g - 3 potions of magic
 h - a potion of berserk rage
 j - a potion of invisibility
Books
 b - a book of Flames

   Spells                             Type                      Level
   a - Flame Tongue                   Conjuration/Fire             1
   b - Throw Flame                    Conjuration/Fire             2
   c - Conjure Flame                  Conjuration/Fire             3
   d - Inner Flame                    Hexes/Fire                   3
   e - Sticky Flame                   Conjuration/Fire             4
   f - Fireball                       Conjuration/Fire             5
Comestibles
 c - a ration


   Skills:
 + Level 4.1 Fighting
 * Level 9.2 Dodging
 - Level 2.4 Stealth
 * Level 10.1 Spellcasting
 * Level 8.1 Conjurations
 * Level 8.8 Fire Magic


You had 13 spell levels left.
You knew the following spells:

 Your Spells              Type           Power        Failure   Level  Hunger
a - Flame Tongue          Conj/Fire      #####        1%          1    None
b - Conjure Flame         Conj/Fire      ######..     1%          3    None
c - Sticky Flame          Conj/Fire      ######..     1%          4    None
d - Fireball              Conj/Fire      ######....   4%          5    None


Dungeon Overview and Level Annotations

Branches:
Dungeon (1/1)

Altars:
Cheibriados
Dithmenos
Elyvilon
Fedhas
Gozag
Hepliaklqana
Kikubaaqudgha
Makhleb
Nemelex Xobeh
Okawaru
Qazlal
Ru
Sif Muna
Trog
Uskayaw
Vehumet
Wu Jian
Xom
Yredelemnul
Zin
The Shining One
Beogh
Jiyva
Lugonu


Message History

Press: ? - help, Shift-Dir - straight line, f - centaur warrior
Aim: a centaur warrior, wielding a shortbow (moderately wounded)
The flame tongue hits the centaur warrior.
The centaur warrior is moderately wounded.
The centaur warrior shoots an arrow.
The arrow completely misses you.
The kobold demonologist casts a spell.
The centaur warrior shoots an arrow.
The arrow hits you!!
* * * LOW HITPOINT WARNING * * *
You close the door.
You start resting.
Casting: Flame Tongue
Confirm with . or Enter, or press ? or * to list all spells.
Aiming: Flame Tongue
Press: ? - help, Shift-Dir - straight line, f/p - centaur warrior
Aim: a centaur warrior, wielding a shortbow (lightly wounded)
The flame tongue hits the centaur warrior.
The centaur warrior is heavily wounded.
The centaur warrior shoots an arrow.
The arrow barely misses you.
The centaur warrior shoots an arrow.
The arrow hits you!
You die... ▓▓▓▓▓▓▓▓▓▓▓▓▓▓▓▓▓▓▓▓▓▓▓▓ '...)..[..'((...@'czZKJ. ▓▓▓▓▓▓▓▓▓▓▓▓▓▓▓▓▓▓▓▓▓▓▓▓

You could see a centaur warrior, a kobold demonologist, a jelly, a wight and a ball python zombie.

Vanquished Creatures
  A cyclops (D)
  A phantom (D)
  A howler monkey (D)
  A jelly (D)
  An orc wizard (D)
  A worker ant (D)
  An adder (D)
  An ooze (D)
  An adder skeleton (D)
  2 orcs (D)
  3 bats (D)
  A bat skeleton (D)
  A ball python (D)
  A kobold (D)
17 creatures vanquished.

Notes
Turn   | Place    | Note
-------+----------+-------------------------------------------
     0 | D        | Gingerlord the Deep Elf Fire Elementalist began the quest for the Orb.
     0 | D        | Reached XP level 1. HP: 10/10 MP: 6/6
    86 | D        | Reached XP level 2. HP: 12/16 MP: 0/8
   161 | D        | Reached skill level 1 in Fighting
   161 | D        | Reached skill level 5 in Spellcasting
   161 | D        | Reached XP level 3. HP: 20/20 MP: 5/11
   163 | D        | Reached skill level 5 in Fire Magic
   167 | D        | Reached XP level 4. HP: 26/26 MP: 0/13
   182 | D        | Reached skill level 5 in Dodging
   234 | D        | Found a roughly hewn altar of Beogh.
   234 | D        | Found a snail-covered altar of Cheibriados.
   234 | D        | Found a shadowy altar of Dithmenos.
   234 | D        | Found a white marble altar of Elyvilon.
   234 | D        | Found a blossoming altar of Fedhas.
   234 | D        | Found an opulent altar of Gozag.
   275 | D        | Found a hazy altar of Hepliaklqana.
   276 | D        | Found a viscous altar of Jiyva.
   277 | D        | Found an ancient bone altar of Kikubaaqudgha.
   278 | D        | Found a corrupted altar of Lugonu.
   279 | D        | Found a burning altar of Makhleb.
   280 | D        | Found a sparkling altar of Nemelex Xobeh.
   281 | D        | Found an iron altar of Okawaru.
   282 | D        | Found a stormy altar of Qazlal.
   283 | D        | Found a sacrificial altar of Ru.
   284 | D        | Found a deep blue altar of Sif Muna.
   285 | D        | Found a bloodstained altar of Trog.
   286 | D        | Found a hide-covered altar of Uskayaw.
   287 | D        | Found a radiant altar of Vehumet.
   288 | D        | Found an ornate altar of the Wu Jian Council.
   289 | D        | Found a shimmering altar of Xom.
   290 | D        | Found a basalt altar of Yredelemnul.
   291 | D        | Found a glowing silver altar of Zin.
   292 | D        | Found a glowing golden altar of the Shining One.
   295 | D        | Became a worshipper of Vehumet
   339 | D        | Learned a level 3 spell: Conjure Flame
   344 | D        | Learned a level 4 spell: Sticky Flame
   344 | D        | Noticed a phantom
   351 | D        | Reached skill level 6 in Spellcasting
   354 | D        | HP: 1/26 [phantom (8)]
   356 | D        | Killed a phantom
   356 | D        | Reached skill level 7 in Spellcasting
   356 | D        | Reached skill level 5 in Conjurations
   356 | D        | Reached XP level 5. HP: 32/32 MP: 14/17
   357 | D        | Reached * piety under Vehumet
   357 | D        | Offered knowledge of Shock by Vehumet.
   361 | D        | Reached ** piety under Vehumet
   361 | D        | Reached skill level 8 in Spellcasting
   414 | D        | Learned a level 5 spell: Fireball
   421 | D        | Noticed a cyclops
   421 | D        | Noticed a centaur warrior
   421 | D        | Noticed a kobold demonologist
   427 | D        | Killed a cyclops
   427 | D        | Reached skill level 10 in Spellcasting
   427 | D        | Reached XP level 6. HP: 38/38 MP: 5/21
   427 | D        | Reached XP level 7. HP: 43/43 MP: 5/22
   431 | D        | Shot with an arrow by a centaur warrior

Skill      XL: |  1  2  3  4  5 |
---------------+----------------+-----
Dodging        | 3 4 6 9 |  9.2
Conjurations   | 2 3 4 5 8 |  8.1
Fighting       | 1 2 4 |  4.1
Spellcasting   | 5 7 10 | 10.1
Fire Magic     | 4 5 6 8 |  8.8
Stealth        | |  2.4

Action                   |  1- 3 |  4- 6 |  7- 9 || total
-------------------------+-------+-------+-------++-------
Melee: Unarmed           |     9 |    14 |       ||    23
 Cast: Flame Tongue      |    20 |    17 |     3 ||    40
       Conjure Flame     |       |     2 |       ||     2
       Sticky Flame      |       |     1 |       ||     1
       Fireball          |       |     1 |       ||     1
  Use: Potion            |       |     2 |       ||     2
Armor: Robe              |     9 |     3 |       ||    12
Dodge: Dodged            |    29 |    17 |     2 ||    48
